 Dungeon Crawl Stone Soup version 0.30-a0-913-g9934a0ce24 (webtiles) character file.

Game seed: 2681087186140532222

17367 Newt the Markskobold (level 12, -5/65 HPs)
             Began as a Kobold Hunter on Mar 19, 2023.
             Was an Elder of Hepliaklqana.
             Slain by a redback (6 damage)
             ... on level 2 of the Lair of Beasts.
             The game lasted 00:11:39 (13021 turns).

Newt the Markskobold (Kobold Hunter)               Turns: 13021, Time: 00:11:40

Health: -5/65      AC: 10    Str:  8    XL:     12   Next: 81%
Magic:  18/18      EV: 10    Int: 10    God:    Hepliaklqana [****..]
Gold:   828        SH:  0    Dex: 24    Spells: 11/11 levels left

rFire   . . .      SeeInvis .    o - +8 arbalest (freeze)
rCold   + + .      Faith    .    (shield currently unavailable)
rNeg    . . .      Spirit   .    P - +0 ring mail of the Blessed Realm {rC++ Slay+3}
rPois   .          Reflect  +    (no helmet)
rElec   .          Rampage  .    g - +2 cloak
rCorr   .                        (no gloves)
Will    .....                    N - +0 pair of boots
Stlth   +++                      I - amulet of reflection
HPRegen 0.30/turn                (no ring)
MPRegen 0.16/turn                (no ring)

@: lethally poisoned (-5 -> -33), held
A: reduced essence, small, no large weapons, nightstalker 3
a: Renounce Religion, Recall Ancestor, Ancestor Identity, Transference, Idealise


You were on level 2 of the Lair of Beasts.
You worshipped Hepliaklqana.
Hepliaklqana was greatly pleased with you.
You visited 2 branches of the dungeon, and saw 13 of its levels.

You collected 828 gold pieces.

Inventory:

Hand Weapons
 a - a +1 shortbow of freezing
 o - a +8 arbalest of freezing (weapon)
Missiles
 B - 7 throwing nets
Armour
 c - a +0 leather armour
 g - a +2 cloak (worn)
 j - a +2 robe of cold resistance
 y - a +1 robe of resistance
 F - +1 acid dragon scales
 G - a +1 troll leather armour
 N - a +0 pair of boots (worn)
 P - the +0 ring mail of the Blessed Realm (worn) {rC++ Slay+3}
   (You found it on level 11 of the Dungeon)

   Slay:      It affects your accuracy & damage with ranged weapons and melee
   (+3).
   rC:        It greatly protects you from cold.
Jewellery
 m - an amulet of magic regeneration
 E - a ring of poison resistance
 I - an amulet of reflection (around neck)
 R - a ring of willpower
Wands
 p - a wand of mindburst (8)
 u - a wand of flame (17)
 w - a wand of polymorph (25)
 J - a wand of roots (6)
 L - a wand of digging (5)
 M - a wand of charming (12)
 O - a wand of light (3)
Scrolls
 b - 3 scrolls of immolation
 f - 4 scrolls of magic mapping
 i - 4 scrolls of teleportation
 l - 3 scrolls of poison
 n - 5 scrolls of fear
 q - 2 scrolls of silence
 s - a scroll of blinking
 D - 3 scrolls of identify
 H - a scroll of enchant armour
 K - a scroll of noise
 Q - a scroll of amnesia
Potions
 d - 2 potions of curing
 e - a potion of ambrosia
 h - 4 potions of heal wounds
 k - 3 potions of mutation
 r - 3 potions of flight
 t - a potion of lignification
 v - a potion of berserk rage
 x - 2 potions of cancellation
 z - 2 potions of attraction
 A - 2 potions of haste
 C - 2 potions of degeneration
 S - 2 potions of brilliance {unknown}


   Skills:
 - Level 8.0 Fighting
 + Level 16.2 Ranged Weapons
 - Level 5.0 Armour
 - Level 10.0 Dodging
 - Level 1.3 Stealth
 - Level 9.0 Invocations
 - Level 8.0 Evocations


You had 11 spell levels left.
You didn't know any spells.
Your spell library contained the following spells:

 Spells                   Type           Power      Damage    Failure   Level
 Kiss of Death            Conj/Necr      0%         2d5       71%         1
 Sting                    Tmut/Pois      0%         1d3       71%         1
 Poisonous Vapours        Pois/Air       0%         N/A       85%         2
 Confusing Touch          Hex            0%         N/A       97%         3
 Gell's Gravitas          Tloc           0%         N/A       97%         3
 Ignite Poison            Fire/Tmut/Pois 0%         N/A       97%         3
 Portal Projectile        Hex/Tloc       0%         N/A       97%         3
 Teleport Other           Tloc           0%         N/A       97%         3
 Tukima's Dance           Hex            0%         N/A       97%         3
 Animate Armour           Summ/Erth      0%         N/A       100%        4
 Dispel Undead            Necr           0%         3d6       100%        4
 Olgreb's Toxic Radiance  Pois           0%         N/A       100%        4
 Sticky Flame             Conj/Fire      0%         2d3       100%        4
 Alistair's Intoxication  Tmut/Pois      0%         N/A       100%        5
 Blade Hands              Tmut           0%         N/A       100%        5
 Borgnjor's Vile Clutch   Necr/Erth      0%         N/A       100%        5
 Iskenderun's Battlesphe  Conj           0%         2d6       100%        5
 Dispersal                Tloc           0%         N/A       100%        6
 Eringya's Noxious Bog    Tmut/Pois      0%         N/A       100%        6
 Iron Shot                Conj/Erth      0%         9d1       100%        6
 Spellforged Servitor     Conj/Summ      0%         N/A       100%        7
 Ignition                 Fire           0%         3d3       100%        8


Dungeon Overview and Level Annotations

Branches:
Dungeon (11/15)            Temple (0/1) D:5            Lair (2/5) D:10
    Orc (0/2) D:11
  Swamp: Lair:2-3    Shoals: Lair:2-3     Snake: Lair:2-3    Spider: Lair:2-3

Altars:
Cheibriados
Fedhas
Gozag
Hepliaklqana
Uskayaw
Wu Jian
Yredelemnul
Zin
The Shining One

Shops:
D:6 (   D:9 !   D:11 !

Annotations:
D:9 4 transporters
D:10 1 runed translucent door


Innate Abilities, Weirdness & Mutations

Your life essence is reduced to manifest your ancestor. (-10% HP)
You are small and have problems with some larger weapons.
You are completely attuned to the shadows.


Message History

Unknown command.
Fire: o) +8 arbalest (freeze)
Press: ? - help, Shift-Dir - straight line, f/p - culicivora
Aim: a culicivora (severely wounded, ally target, 65% to hit)
You shoot a bolt. The bolt hits the culicivora!!
The bolt freezes the culicivora.
You kill the culicivora!
Something completely misses Nozipho.
Something bites Nozipho!
Nozipho is destroyed!
Unknown command.
Fire: o) +8 arbalest (freeze)
Press: ? - help, Shift-Dir - straight line, f - jumping spider
Aim: a jumping spider (73% to hit)
You shoot a bolt.
The bolt completely misses the jumping spider.
The jumping spider leaps!
The redback bites you but does no damage.
Fire: o) +8 arbalest (freeze)
Press: ? - help, Shift-Dir - straight line, f - redback
Aim: a redback (73% to hit)
You shoot a bolt. The bolt closely misses the redback.
You block the redback's attack.
Fire: o) +8 arbalest (freeze)
Press: ? - help, Shift-Dir - straight line, f/p - redback
Aim: a redback (73% to hit)
You shoot a bolt. The bolt hits the redback!
The bolt freezes the redback.
The redback is severely wounded.
The redback bites you!
* * * LOW HITPOINT WARNING * * *
You are lethally poisoned!
The redback poisons you! The redback barely misses you.
You feel much better.
* * * LOW HITPOINT WARNING * * *
You feel extremely sick. The jumping spider pounces on you!
* * * LOW HITPOINT WARNING * * *
You are caught in a web!
The jumping spider bites you but does no damage.
The redback bites you.
You die...

### ## ###.###s##
##.#..###^# ..
#.....##^## ##
.#.####>.P.###s# #^#
..#..##.##.##@###^###.
..
#.......#..###s#...#.#
..P##....>....#
##....^#
...#..#..#....P####...#
#....###..####......#
#..#.###..# #P....##
#..####...# #..#..#.
##..# ##..# ###......>
#..## #...###R#.#..#..


You could see a jumping spider and a redback.

Vanquished Creatures
  Harold (D:11)
  Erolcha (D:9)
  A boulder beetle (D:11)
  Pikel (D:9)
  An oklob plant (D:10)
  A manticore (D:11)
  2 cyclopes (D:11)
  A black mamba (Lair:1)
  2 cane toads (Lair:1)
  Maggie (D:7)
  3 kobold demonologists (D:9)
  2 trolls
  4 blink frogs (Lair:1)
  A jumping spider (Lair:2)
  A culicivora (Lair:2)
  A wyvern (D:10)
  A wraith (D:10)
  2 vampires
  A basilisk (Lair:2)
  12 yaks
  2 redbacks (Lair:2)
  A vampire mosquito (D:11)
  Menkaure (D:5)
  2 water moccasins
  Duvessa (D:7)
  3 acid dragons
  3 black bears
  4 orc warriors
  An ice beast (D:6)
  A wolf (D:9)
  4 ogres
  5 kobold brigands
  2 bullfrogs
  2 scorpions
  4 gnoll sergeants
  12 wights
  Dowan (D:7)
  6 killer bees (D:7)
  An electric eel (D:11)
  6 howler monkeys
  2 jellies (D:7)
  4 gnoll boudas
  5 hounds
  7 orc priests
  An iron imp (D:7)
  Jessica (D:3)
  A human skeleton (D:10)
  An iguana (D:7)
  Ijyb (D:4)
  12 orc wizards
  Robin (D:4)
  5 adders
  31 gnolls
  2 shadow imps
  A white imp (D:5)
  3 worms
  2 dart slugs
  48 orcs
  6 bats
  6 endoplasms
  10 hobgoblins
  3 jackals
  2 quokkas
  6 ball pythons
  5 frilled lizards
  15 goblins
  3 goblin skeletons
  3 hobgoblin zombies (D:7)
  9 kobolds
  A kobold skeleton (D:7)
  2 kobold zombies (D:7)
  An orc skeleton (D:7)
  A rat (D:1)
303 creatures vanquished.

Vanquished Creatures (collateral kills)
  A boulder beetle (D:11)
  A two-headed ogre (D:11)
  A hornet (D:11)
  A shadow (D:9)
  A wraith (D:11)
  2 yaks (D:10)
  An orc warrior (D:11)
  An orc wizard (D:9)
  2 orcs
  A jackal (D:10)
  3 kobolds (D:9)
15 creatures vanquished.

Vanquished Creatures (others)
  A knight (Lair:2)
  15 plants
16 creatures vanquished.

Grand Total: 334 creatures vanquished

Notes
Turn   | Place    | Note
-------+----------+-------------------------------------------
     0 | D:1      | Newt the Kobold Hunter began the quest for the Orb.
     0 | D:1      | Reached XP level 1. HP: 12/12 MP: 1/1
   130 | D:1      | Reached XP level 2. HP: 18/18 MP: 2/2
   281 | D:1      | Reached XP level 3. HP: 19/23 MP: 3/3
   881 | D:2      | Reached XP level 4. HP: 30/30 MP: 4/4
   955 | D:2      | Found a faded altar of an unknown god.
  1447 | D:3      | Noticed a black bear
  1453 | D:3      | Killed a black bear
  1454 | D:3      | Reached skill level 5 in Fighting
  1454 | D:3      | Reached skill level 6 in Ranged Weapons
  1454 | D:3      | Reached XP level 5. HP: 28/35 MP: 5/5
  1719 | D:3      | Noticed Jessica
  1723 | D:3      | Killed Jessica
  1724 | D:3      | Reached skill level 7 in Ranged Weapons
  1724 | D:3      | Reached XP level 6. HP: 40/40 MP: 6/6
  2022 | D:3      | Found a hazy altar of Hepliaklqana.
  2220 | D:3      | Found an opulent altar of Gozag.
  2282 | D:3      | Became a worshipper of Hepliaklqana the Forgotten
  2377 | D:4      | Identified a scroll of acquirement
  2377 | D:4      | Acquired a +4 arbalest of freezing
  2385 | D:4      | Noticed Ijyb
  2388 | D:4      | Killed Ijyb
  2588 | D:4      | Noticed a black bear
  2591 | D:4      | Killed a black bear
  2592 | D:4      | Reached skill level 8 in Ranged Weapons
  2673 | D:4      | Noticed an ogre
  2679 | D:4      | Killed an ogre
  2680 | D:4      | Reached XP level 7. HP: 8/44 MP: 7/7
  3131 | D:4      | Reached skill level 9 in Ranged Weapons
  3289 | D:4      | Noticed Robin
  3290 | D:4      | Killed Robin
  3899 | D:4      | Reached skill level 10 in Ranged Weapons
  4103 | D:5      | Entered Level 5 of the Dungeon
  4276 | D:5      | Reached XP level 8. HP: 41/49 MP: 8/8
  4282 | D:5      | Reached skill level 5 in Dodging
  4468 | D:5      | Noticed Menkaure
  4471 | D:5      | Killed Menkaure
  4548 | D:5      | Reached * piety under Hepliaklqana
  4617 | D:5      | Found a staircase to the Ecumenical Temple.
  5077 | D:6      | Reached skill level 11 in Ranged Weapons
  5202 | D:6      | Found Numimusch's Weapon Shop.
  5212 | D:6      | Reached ** piety under Hepliaklqana
  5213 | D:6      | Remembered your ancestor Nozipho as a knight
  5568 | D:6      | Found a hide-covered altar of Uskayaw.
  5801 | D:7      | Reached skill level 12 in Ranged Weapons
  5801 | D:7      | Reached XP level 9. HP: 48/48 MP: 9/9
  5857 | D:7      | Found a glowing golden altar of the Shining One.
  5959 | D:7      | Reached skill level 13 in Ranged Weapons
  6030 | D:7      | Noticed Duvessa
  6032 | D:7      | Killed Duvessa
  6032 | D:7      | Noticed Dowan
  6034 | D:7      | Killed Dowan
  6084 | D:7      | Reached skill level 14 in Ranged Weapons
  6483 | D:7      | Noticed Maggie
  6488 | D:7      | Killed Maggie
  6489 | D:7      | Reached XP level 10. HP: 53/53 MP: 10/10
  6694 | D:7      | Found a glowing silver altar of Zin.
  6701 | D:7      | You fall into a shaft and drop 2 floors!
  6706 | D:9      | Noticed a kobold demonologist
  6706 | D:9      | Noticed an orange demon
  6711 | D:9      | Noticed a kobold demonologist
  6712 | D:9      | Noticed a kobold demonologist
  6715 | D:10     | Entered Level 10 of the Dungeon
  6721 | D:10     | Reached skill level 10 in Dodging
  7123 | D:10     | Found a runed translucent door.
  7289 | D:10     | Reached skill level 1 in Evocations
  7381 | D:10     | Reached *** piety under Hepliaklqana
  7413 | D:10     | Found a basalt altar of Yredelemnul.
  7460 | D:9      | Noticed Pikel
  7470 | D:9      | Killed Pikel
  7514 | D:10     | Reached skill level 5 in Evocations
  7665 | D:10     | Noticed an oklob plant
  7668 | D:10     | Killed an oklob plant
  7669 | D:10     | Reached XP level 11. HP: 46/61 MP: 11/11
  7969 | D:9      | Reached skill level 1 in Armour
  8182 | D:9      | Found Rulo's Distillery.
  8315 | D:9      | Found a snail-covered altar of Cheibriados.
  8362 | D:9      | Reached skill level 5 in Armour
  8398 | D:9      | Found a transporter.
  8402 | D:9      | Found a transporter.
  8425 | D:9      | Found a transporter.
  8444 | D:9      | Found a transporter.
  8493 | D:9      | Reached skill level 1 in Invocations
  8511 | D:9      | Noticed Erolcha
  8513 | D:9      | Killed Erolcha
  9461 | D:8      | Found an ornate altar of the Wu Jian Council.
  9898 | D:7      | Found a blossoming altar of Fedhas.
 10076 | D:10     | Found a staircase to the Lair.
 10442 | D:11     | Reached skill level 5 in Invocations
 10598 | D:11     | Identified the +0 ring mail of the Blessed Realm {rC++
                  | Slay+3}
 10614 | D:11     | Noticed a boulder beetle
 10616 | D:11     | Killed a boulder beetle
 10617 | D:11     | Reached XP level 12. HP: 65/65 MP: 16/16
 10864 | D:11     | Reached **** piety under Hepliaklqana
 11001 | D:11     | Found Zaushriwn's Distillery.
 11122 | D:11     | Noticed a boulder beetle
 11133 | D:11     | Killed a boulder beetle
 11268 | D:11     | Noticed a two-headed ogre
 11270 | D:11     | Killed a two-headed ogre
 11295 | D:11     | Noticed Harold
 11299 | D:11     | Killed Harold
 11473 | D:11     | Reached skill level 15 in Ranged Weapons
 11476 | D:11     | Found a staircase to the Orcish Mines.
 11600 | Lair:1   | Entered Level 1 of the Lair of Beasts
 12780 | Lair:2   | Reached skill level 16 in Ranged Weapons
 13021 | Lair:2   | HP: 1/65 [jumping spider (11)]
 13021 | Lair:2   | Slain by a redback

Illustrated notes

Levels and vault maps discovered:
D:1:      dpeg_arrival_tiny_h, layout_rooms
D:2:      layout_loops_ring, chequers_ecumenical_altar_simple
D:3:      layout_loops_ring, nicolae_hepliaklqana_hippocampus,
          mainiacjoe_overflow_concentric_impassable, uniq_jessica
D:4:      layout_loops_corners, minmay_misc_feat_room, uniq_ijyb, uniq_robin
D:5:      layout_loops_cross, minmay_temple_entry_statues_pillars, uniq_menkaure
D:6:      layout_gridville, lemuel_coloured_pillars_altar, serial_shops,
          nicolae_shop_bloodbath_and_beyond, kennysheep_generic_room_12
D:7:      layout_loops_corners, nicolae_tso_besieged_by_evil,
          amethyst_overflow_temple_binary, uniq_maggie, uniq_duvessa
D:8:      layout_loops_corners, nzn_wu_jian_council_hall
D:9:      layout_cave_pools, slow_altar_1, serial_gnoll_camp,
          gnoll_camp_mini_house, gnoll_camp_huts_basic, gnoll_camp_mini_house,
          gnoll_camp_mini_hut, gnoll_camp_mini_shop, enter_bailey_2,
          nicolae_transporter_circle, uniq_pikel, uniq_erolcha
D:10:     layout_loops_cross, dk_yredelemnul_ordeal, dpeg_oklobed_lair
D:11:     layout_irregular_city, erik_orc_2, serial_shops, shop_statue,
          hex_tiny, minmay_misc_feat_columns, hangedman_corner_corridor,
          uniq_harold
Lair:1:   layout_cave_pods
Lair:2:   layout_loops_ring, elwin_shoals_entry_rooms,
          nicolae_spider_entry_tight_spaces, ldierk_geyser,
          serial_bayou_crossing

Skill      XL: |  1  2  3  4  5  6  7  8  9 10 11 12 |
---------------+-------------------------------------+-----
Fighting       | 3 4 5 8 |  8.0
Ranged Weapons | 6 7 8 10 12 14 16 | 16.2
Dodging        | 4 6 9 10 | 10.0
Evocations     | 6 8 |  8.0
Armour         | 5 |  5.0
Invocations    | 6 9 |  9.0
Stealth        | |  1.3

Action                     |  1- 3 |  4- 6 |  7- 9 | 10-12 || total
---------------------------+-------+-------+-------+-------++-------
   Fire: Shortbow          |    62 |    39 |       |       ||   101
         Arbalest          |       |    15 |   197 |   311 ||   523
 Invoke: Ancestor Life: Kn |       |       |     1 |       ||     1
         Recall Ancestor   |       |       |       |     3 ||     3
  Evoke: Wand              |       |     2 |       |     2 ||     4
    Use: Potion            |     2 |       |       |     6 ||     8
         Scroll            |     8 |     6 |     8 |     6 ||    28
 Armour: Leather armour    |     8 |     5 |     8 |       ||    21
         Robe              |       |       |     3 |     2 ||     5
         Troll leather arm |       |       |       |    15 ||    15
         Ring mail         |       |       |       |     9 ||     9
  Dodge: Dodged            |    31 |    17 |    58 |   179 ||   285
  Block: Other             |       |       |       |     7 ||     7

Table legend: (Time is in decaauts)
 A = Elapsed time spent in this place.
 B = Non-inter-level travel time spent in this place.
 C = Inter-level travel time spent in this place.
 D = Time resting spent in this place.
 E = Time spent auto-exploring this place.
 F = Levels seen in this place.
 G = Mean time per level.
                   A        B        C        D        E       F      G
               +--------+--------+--------+--------+--------+-----+--------+
         Total |  13210 |  12642 |    568 |   1789 |   9369 |  13 | 1016.2 |
       Dungeon |  11777 |  11236 |    541 |   1604 |   8252 |  11 | 1070.6 |
          Lair |   1432 |   1406 |     26 |    185 |   1117 |   2 |  716.0 |
               +--------+--------+--------+--------+--------+-----+--------+

Top non-repeatable levels by time:
     D:4: 1813 daAuts
    D:10: 1629 daAuts
    D:11: 1209 daAuts
     D:7: 1135 daAuts
  Lair:1: 1107 daAuts
     D:8: 1002 daAuts
     D:9: 920 daAuts
     D:6: 909 daAuts
     D:2: 909 daAuts
     D:3: 896 daAuts
     D:5: 809 daAuts
     D:1: 545 daAuts
  Lair:2: 325 daAuts
